 Dungeon Crawl Stone Soup version 0.20.1-1-g8b1a95d (webtiles) character file.

572 Jazqa the Spear-Bearer (level 7, -8/58 HPs)
             Began as a Merfolk Gladiator on Oct 30, 2017.
             Was an Initiate of Makhleb.
             Killed by divine providence
             ... invoked by an orc priest
              (12 damage)
             ... on level 6 of the Dungeon.
             The game lasted 00:05:45 (4229 turns).

Jazqa the Spear-Bearer (Merfolk Gladiator)          Turns: 4229, Time: 00:05:46

Health: -8/58      AC:  7    Str: 16    XL:     7   Next: 34%
Magic:  6/7        EV: 14    Int:  7    God:    Makhleb [......]
Gold:   321        SH:  0    Dex: 16    Spells: 6/6 levels left

rFire    . . .     SeeInvis .   a - +0 trident
rCold    . . .     Gourm    .   (no shield)
rNeg     . . .     Faith    .   b - +0 leather armour
rPois    .         Spirit   .   i - +2 hat
rElec    .         Reflect  .   (no cloak)
rCorr    .         Harm     .   (no gloves)
MR       +....                  p - +1 pair of boots
Stlth    +.........             (no amulet)
Regen    0.2/turn               M - ring of protection from magic
MPRegen  0.1/turn               (no ring)

@: lethally poisoned (-8 -> -16)
A: change form in water, swift swim, stealthy swim
a: Renounce Religion


You were on level 6 of the Dungeon.
You worshipped Makhleb.
Makhleb was noncommittal.
You were not hungry.

You visited 1 branch of the dungeon, and saw 6 of its levels.

You collected 321 gold pieces.


   Skills:
 + Level 6.1 Fighting
 + Level 9.0 Polearms
 - Level 2.0 Throwing
 - Level 4.0 Dodging


You had 6 spell levels left.
You didn't know any spells.

Inventory:

Hand Weapons
 a - a +0 trident (weapon)
Missiles
 d - 3 throwing nets {=f}
Armour
 b - a +0 leather armour (worn)
 i - a +2 hat (worn)
 p - a +1 pair of boots (worn)
 y - a +1 leather armour of magic resistance
Jewellery
 M - a ring of protection from magic (left hand)
Scrolls
 j - a scroll of enchant armour
 m - 4 scrolls of immolation {!r}
 o - 4 scrolls of teleportation {unknown}
 s - a scroll of magic mapping {unknown}
 t - a scroll of identify {@r1}
 v - 2 scrolls of recharging {unknown}
 w - a scroll of enchant weapon {unknown}
 x - 2 scrolls of fear {unknown}
Potions
 c - a potion of invisibility {unknown}
 e - 2 potions of flight
 h - 3 potions of curing {@q1}
 k - 2 potions of lignification {!q}
 l - 2 potions of haste {unknown}
 q - a potion of degeneration {unknown}
 r - 2 potions of agility {unknown}
 z - a potion of mutation {unknown}
Comestibles
 f - 5 bread rations {@e1}
 n - 2 royal jellies {@e3}
 u - 7 fruits {@e2}

Dungeon Overview and Level Annotations

Branches:
Dungeon (6/15)             Temple (0/1) D:5

Altars:
Elyvilon
Makhleb
Sif Muna

Annotations:
D:3 Darkyelf's ghost, amateur FoAK
D:4 manon's ghost, amateur MiFi

#.#.#.###.#.#. #.#.#.#
#.#.#. #.#.#.###.#.#. #
#.#.#.....#.#. #.#
#######.#...........
...(##...........▒.▒.▒.▒.
.....[...###.###.........
#.o.o.###.###...⌠.....
#.oo@.............⚑..
#......#.......[⌠.....
..........#.####.........
.?#.##.#....# #.▒.▒.▒.▒.
#.. ........# #.........
.# .......#.# #.#.######
####.####.# #.#.# #. ...
....# #####


You could see 2 orc priests and 2 orcs.


Message History

* * * LOW HITPOINT WARNING * * *
You are more poisoned.
The orc priest closely misses you.
You hit the orc priest but do no damage.
You feel sick. The orc closely misses you.
The orc priest hits you with a falchion.
* * * LOW HITPOINT WARNING * * *
The orc hits you but does no damage.
You are lethally poisoned!
You hit the orc priest.
The orc priest is moderately wounded.
* * * LOW HITPOINT WARNING * * *
You feel sick. The orc priest closely misses you. The orc hits you with a club.
* * * LOW HITPOINT WARNING * * *
The orc priest barely misses you. The orc closely misses you.
Unknown command.
You feel better.
The orc priest begins to cast a cantrip, but forgets the words!
The orc hits you with a club.
* * * LOW HITPOINT WARNING * * *
The orc priest misses you.
The orc hits you with a hand axe of venom.
* * * LOW HITPOINT WARNING * * *
You are poisoned.
The orc priest invokes the aid of Beogh against you.
Beogh smites you!
* * * LOW HITPOINT WARNING * * *
The orc priest calls down the wrath of Beogh upon you.
Beogh smites you!
You die...

Skill      XL: |  1  2  3  4  5  6  7 |
---------------+----------------------+-----
Polearms       | 5 6 7 8 9 |  9.0
Fighting       | 3 4 5 6 |  6.1
Throwing       | |  2.0
Dodging        | |  4.0

Action                   |  1- 3 |  4- 6 |  7- 9 || total
-------------------------+-------+-------+-------++-------
Melee: Trident           |    92 |   202 |    50 ||   344
  Use: Scroll            |       |     4 |       ||     4
       Potion            |       |     4 |     1 ||     5
 Stab: Sleeping          |       |     1 |       ||     1
  Eat: Chunk             |       |     5 |     1 ||     6
       Bread ration      |       |     1 |       ||     1
Armor: Leather armour    |    19 |    36 |     6 ||    61
       Skin              |       |    17 |       ||    17
Dodge: Dodged            |    65 |   114 |    23 ||   202

Vault maps used:
D:1:      ncdulo_halloftheorcs
D:2:      kennysheep_generic_room_10, uniq_terence
D:3:      chequers_ecumenical_altar_simple
D:4:      minmay_misc_feat_square
D:5:      lemuel_round_altar, temple_hall, first_bread,
          minmay_gold_behind_fungi, serial_bayou_pond_e
D:6:      elyvilon_altar_5, minitemple, supply_closet_lemuel

Notes
Turn   | Place    | Note
-------+----------+-------------------------------------------
     0 | D:1      | Jazqa the Merfolk Gladiator began the quest for the Orb.
     0 | D:1      | Reached XP level 1. HP: 16/16 MP: 1/1
   174 | D:1      | Reached XP level 2. HP: 23/23 MP: 2/2
   325 | D:1      | Reached skill level 5 in Polearms
   715 | D:2      | Reached XP level 3. HP: 28/28 MP: 3/3
   743 | D:2      | Reached skill level 3 in Fighting
   750 | D:2      | Noticed Terence
   762 | D:2      | Killed Terence
   762 | D:2      | Reached XP level 4. HP: 18/35 MP: 4/4
   857 | D:2      | Reached skill level 6 in Polearms
  1052 | D:2      | HP: 2/37 [gnoll/spear (10)]
  1459 | D:2      | Reached skill level 4 in Fighting
  1459 | D:2      | Reached XP level 5. HP: 42/42 MP: 5/5
  1737 | D:3      | Noticed Darkyelf's ghost (amateur FoAK)
  1798 | D:4      | Noticed manon's ghost (amateur MiFi)
  2272 | D:3      | Found a faded altar of an unknown god.
  2451 | D:3      | Became a worshipper of Sif Muna the Loreminder
  2451 | D:3      | Reached * piety under Sif Muna
  2748 | D:4      | Reached skill level 7 in Polearms
  3099 | D:5      | Entered Level 5 of the Dungeon
  3119 | D:5      | Reached XP level 6. HP: 42/50 MP: 6/6
  3159 | D:5      | Reached skill level 5 in Fighting
  3405 | D:5      | Found a burning altar of Makhleb.
  3554 | D:5      | Noticed an ice beast
  3600 | D:5      | Killed an ice beast
  3600 | D:5      | Reached skill level 8 in Polearms
  3704 | D:5      | Fell from the grace of Sif Muna
  3704 | D:5      | Became a worshipper of Makhleb the Destroyer
  3802 | D:5      | Reached XP level 7. HP: 55/57 MP: 7/7
  3917 | D:5      | Reached skill level 6 in Fighting
  3921 | D:5      | Found a staircase to the Ecumenical Temple.
  3945 | D:5      | Reached skill level 9 in Polearms
  4173 | D:6      | Found a white marble altar of Elyvilon.
  4229 | D:6      | HP: 4/58 [orc priest/divine providence (14)]
  4229 | D:6      | Killed from afar by an orc priest

Vanquished Creatures
  An ice beast (D:5)
  A howler monkey (D:5)
  2 crimson imps (D:5)
  A centaur skeleton (D:5)
  An orc priest (D:5)
  A hound (D:5)
  An orc wizard (D:5)
  Terence (D:2)
  2 worker ants
  A hound skeleton (D:6)
  A hound zombie (D:5)
  A worker ant zombie (D:5)
  4 gnolls (D:2)
  4 adders
  2 worms
  A dart slug (D:3)
  2 leopard geckos
  7 orcs
  A giant cockroach (D:1)
  4 goblins
  11 hobgoblins
  3 jackals (D:4)
  A ball python (D:1)
  5 bats
  4 frilled lizards
  2 kobolds
  10 rats
  A fungus (D:5)
76 creatures vanquished.
